Map: 莱瑞拉克之冠

Players

IIIIIIIIIIII - Winner!

  • Race: Protoss Protoss
  • League: Grandmaster

USAXeno

  • Race: Terran Terran
  • League: Master

VOD

Have the link to the VOD?

Description

Time

  • Played on: Jan. 22, 2016, 10:19 p.m.
  • Length: 8:58
Show
View Real Time Build Order
Export as new Build Order

IIIIIIIIIIII Protoss - Winner!

Build Orders: 1 Gate Expand 

Get SALT Encoding   

  12  0:02  Probe (Chrono Boost)  
  13  0:13  Probe (Chrono Boost)  
  14  0:21  Pylon  
  14  0:23  Probe (Chrono Boost)  
  15  0:39  Probe (Chrono Boost)  
  15  0:40  Gateway  
  15  0:42  Assimilator  
  17  0:50  Probe (Chrono Boost)  
  17  1:00  Probe (Chrono Boost)  
  18  1:11  Probe (Chrono Boost)  
  19  1:21  Nexus  
  19  1:28  Probe (Chrono Boost)  
  20  1:35  Cybernetics Core  
  20  1:39  Probe (Chrono Boost)  
  21  1:45  Assimilator  
  21  1:49  Probe (Chrono Boost)  
  22  1:55  Pylon  
  22  2:00  Probe (Chrono Boost)  
  23  2:05  Warp Gate  
  23  2:13  Probe, Adept (Chrono Boost)  
  26  2:24  Twilight Council  
  26  2:25  Probe  
  27  2:36  Probe  
  29  2:37  Adept (Chrono Boost)  
  29  2:38  Probe  
  31  2:46  Probe  
  31  2:50  Probe  
  33  2:56  Resonating Glaives (Chrono Boost)  
  33  2:57  Probe  
  33  3:02  Probe  
  35  3:10  Probe  
  35  3:11  Robotics Facility  
  36  3:14  Probe  
  36  3:19  Adept  
  39  3:22  Probe  
  39  3:26  Probe  
  41  3:35  Probe  
  41  3:39  Probe, Pylon  
  43  3:47  Probe  
  44  3:51  Probe  
  45  3:58  Warp Prism (Chrono Boost)  
  45  3:59  Probe  
  45  4:02  Gateway  
  48  4:03  Gateway  
  48  4:08  Gateway  
  48  4:12  Mothership Core, Pylon  
  48  4:15  Pylon  
  48  4:16  Adept  
  52  4:18  Probe  
  53  4:35  Probe x2  
  53  4:37  Observer (Chrono Boost)  
  56  4:39  Nexus  
  56  4:42  Pylon  
  56  4:47  Probe  
  56  4:49  Blink  
  57  5:01  Adept  
  57  5:02  Adept x2  
  57  5:03  Adept  
  65  5:09  Probe x2  
  65  5:28  Probe x2  
  57  5:32  Assimilator  
  57  5:34  Adept x4  
  65  5:36  Assimilator  
  65  5:38  Immortal (Chrono Boost)  
  69  5:43  Probe  
  69  5:44  Probe  
  71  5:55  Adept x4  
  71  5:56  Probe x2  
  80  5:58  Probe  
  82  6:07  Probe  
  82  6:08  Probe  
  88  6:12  Immortal (Chrono Boost)  
  78  6:23  Stalker x4  
  76  6:29  Probe  
  76  6:31  Probe x2  
  79  6:34  Gateway x2  
  79  6:39  Gateway  
  79  6:40  Probe  
  79  6:41  Gateway  
  79  6:43  Probe  
  79  6:45  Pylon x2  
  81  6:48  Sentry x2, Pylon  
  81  6:50  Sentry  
  81  6:53  Stalker  
  89  7:07  Probe x2  
  91  7:10  Pylon  
  91  7:11  Pylon  
  91  7:15  Immortal (Chrono Boost)  
  95  7:16  Pylon  
  95  7:19  Adept x2  
  95  7:20  Adept x2  
  103  7:31  Probe  
  103  7:32  Probe  
  103  7:33  Probe  
  103  7:35  Assimilator  
  106  7:37  Adept x3  
  106  7:39  Assimilator  
  106  7:40  Stalker x3  
  106  7:42  Adept  
  106  7:43  Sentry  
  122  7:45  Probe  
  122  7:46  Probe  
  124  8:05  Adept x7  
  134  8:09  Warp Prism (Chrono Boost)  
  134  8:10  Stalker x7  
  134  8:16  Probe  
  133  8:38  Probe x2  
  139  8:42  Pylon  
  139  8:44  Pylon  
  139  8:45  Probe  
  139  8:46  Pylon  
  140  8:50  Forge  
  140  8:51  Templar Archives  
  140  8:53  Forge  
Show
View Real Time Build Order
Export as new Build Order

USAXeno Terran 

Build Orders: MMM Bio 

Get SALT Encoding   

  12  0:00  SCV  
  13  0:12  SCV  
  14  0:17  Supply Depot  
  14  0:25  SCV  
  15  0:39  SCV  
  15  0:41  Barracks  
  16  0:44  Refinery  
  16  0:51  SCV  
  17  1:03  SCV  
  18  1:15  SCV  
  19  1:30  Barracks Reactor, Orbital Command  
  19  1:42  Command Center  
  19  1:53  Supply Depot  
  19  1:56  SCV  
  20  2:06  Marine x2  
  20  2:08  SCV  
  23  2:14  Factory  
  23  2:20  SCV  
  24  2:24  Marine x2  
  26  2:32  SCV  
  26  2:36  Refinery  
  27  2:42  Reaper, Marine  
  29  2:44  SCV  
  30  2:55  Orbital Command  
  30  2:56  SCV  
  31  2:59  Starport  
  31  3:04  Marine  
  32  3:06  Factory Tech Lab  
  32  3:08  SCV  
  32  3:12  Bunker  
  33  3:15  Marine  
  34  3:20  SCV x2  
  34  3:25  Supply Depot  
  36  3:28  Marine  
  36  3:32  SCV  
  36  3:33  SCV  
  39  3:38  Cyclone  
  42  3:43  Marine  
  42  3:44  SCV  
  44  3:55  SCV, Marine  
  44  3:56  SCV, Viking  
  44  4:01  Supply Depot  
  48  4:07  SCV  
  48  4:08  SCV  
  50  4:11  Siege Tank  
  50  4:15  Marine  
  54  4:23  SCV x2, Supply Depot, Marine  
  57  4:29  Command Center  
  57  4:35  SCV x2  
  59  4:43  Siege Tank  
  59  4:45  Marine x2  
  64  4:47  Supply Depot, SCV x2  
  64  4:51  Liberator  
  66  4:59  SCV x2, Barracks  
  68  5:02  Barracks  
  68  5:04  Marine x2  
  70  5:10  Refinery x2  
  70  5:11  SCV  
  70  5:12  SCV  
  61  5:23  SCV  
  61  5:25  SCV  
  57  5:32  Marine x2  
  59  5:35  SCV  
  59  5:38  SCV  
  62  5:43  Orbital Command  
  62  5:48  SCV, Barracks Tech Lab  
  62  5:49  Barracks Tech Lab  
  62  5:50  Siege Tank  
  62  5:51  Starport Reactor  
  62  5:52  SCV  
  62  5:54  Marine  
  62  5:55  Marine  
  68  6:00  SCV  
  68  6:03  Engineering Bay  
  69  6:05  Engineering Bay  
  69  6:10  SCV x2  
  69  6:11  Marine x2  
  61  6:16  SCV  
  56  6:26  SCV  
  56  6:27  SCV, Marine x2  
  62  6:34  SCV  
  62  6:39  SCV x2  
  63  6:42  Stimpack  
  63  6:46  SCV  
  67  6:47  Terran Infantry Weapons Level 1  
  67  6:51  SCV  
  67  6:52  SCV  
  69  6:57  Liberator  
  69  6:58  Liberator  
  69  6:59  SCV  
  69  7:00  Marine x3  
  71  7:02  Terran Infantry Armor Level 1  
  71  7:05  SCV  
  71  7:06  Barracks  
  67  7:09  Barracks  
  67  7:11  SCV  
  73  7:16  Orbital Command  
  73  7:17  SCV  
  73  7:18  Marine x3  
  77  7:23  SCV  
  77  7:25  Marine  
  77  7:28  Factory Reactor  
  77  7:29  Combat Shields, SCV  
  80  7:35  SCV  
  80  7:36  Marauder  
  83  7:40  Supply Depot x2, Marine x2  
  83  7:41  SCV x2  
  83  7:43  Marauder  
  89  7:47  SCV  
  90  7:53  SCV x2  
  91  7:59  SCV, Marine  
  91  8:01  Marauder x2, Marine  
  87  8:05  SCV  
  87  8:09  Barracks Tech Lab  
  72  8:13  SCV  
  72  8:14  Marauder, Widow Mine x2  
  72  8:15  Medivac x2  
  77  8:21  Marine  
  77  8:22  Marine  
  77  8:23  Marauder  
  72  8:31  Marauder x2  
  76  8:37  Marine  
Tags
 
Add a new tag
Caveats
  • Supply blocks, unpowered buildings, or Contaminate may cause inaccurate times.
  • Supply counts are checked every 10 seconds.